 Dungeon Crawl Stone Soup version 0.27-a0-1139-g28e009f8a6 (webtiles) character file.

Game seed: 10751765381934919956

52 DarkShadow the Skirmisher (level 3, 0/33 HPs)
             Began as a Minotaur Fighter on May 8, 2021.
             Killed from afar by Sigmund (1 damage)
             ... with a magic dart
             ... on level 2 of the Dungeon.
             The game lasted 00:07:56 (1064 turns).

DarkShadow the Skirmisher (Minotaur Fighter)        Turns: 1064, Time: 00:07:56

Health: 0/33       AC:  7    Str: 21    XL:     3   Next: 60%
Magic:  2/2        EV:  7    Int:  5    God:
Gold:   31         SH:  9    Dex:  9    Spells: 2/2 levels left

rFire    . . .     SeeInvis .   a - +1 flail
rCold    . . .     Faith    .   c - +0 kite shield
rNeg     . . .     Spirit   .   b - +0 scale mail
rPois    .         Reflect  .   (helmet restricted)
rElec    .         Harm     .   (no cloak)
rCorr    .         Rampage  .   (no gloves)
Will     .....                  (no boots)
Stlth    ..........             (no amulet)
HPRegen  0.11/turn              (no ring)
MPRegen  0.08/turn              (no ring)

@: no status effects
A: horns 2, retaliatory headbutt
a: no special abilities


You were on level 2 of the Dungeon.
You visited 1 branch of the dungeon, and saw 2 of its levels.

You collected 31 gold pieces.

Inventory:

Hand Weapons
 a - a +1 flail (weapon)
Armour
 b - a +0 scale mail (worn)
 c - a +0 kite shield (worn)
Jewellery
 e - a ring of flight
Potions
 d - a potion of might
 f - a potion of berserk rage {unknown}
 i - a potion of mutation {unknown}
 k - 2 potions of heal wounds


   Skills:
 + Level 4.2 Fighting
 + Level 3.3 Maces & Flails
 + Level 4.1 Armour
 + Level 0.1 Dodging
 + Level 4.1 Shields


You had 2 spell levels left.
You didn't know any spells.
Your spell library was empty.

Dungeon Overview and Level Annotations

Branches:
Dungeon (2/15)

Altars:

Shops:
D:1 (

Annotations:
D:2 Sigmund


Innate Abilities, Weirdness & Mutations

You have a pair of horns on your head.
You reflexively headbutt those who attack you in melee.


Message History

There is an open door here.
Done exploring.
Done exploring.
Done exploring.
There is a stone staircase leading down here.
As you read the scroll labelled NYANWEMAWNE, it crumbles to dust.
It is a scroll of enchant weapon.
Your +0 flail glows red for a moment.
As you read the scroll labelled SUHONAT JASESS, it crumbles to dust.
It is a scroll of identify.
k - 2 potions of heal wounds
As you read the scroll labelled WARHAO MY VUNU, it crumbles to dust.
The air around you briefly surges with heat, but it dissipates.
It was a scroll of immolation.
You climb downwards.
Sigmund the Dreaded comes into view.
He is wielding a +0 scythe.
Sigmund shouts!
Found 12 gold pieces.
There is a stone staircase leading up here.
Sigmund completely misses you. Sigmund barely misses you.
Sigmund gestures at you while chanting.
You are confused.
You see here 12 gold pieces.
You bump into the rock wall.
Sigmund closely misses you. Sigmund hits you with a +0 scythe!
You barely miss Sigmund. Your headbutt misses Sigmund.
You feel less confused. Sigmund closely misses you.
You barely miss Sigmund. Your headbutt misses Sigmund.
Sigmund hits you with a +0 scythe! Sigmund casts a spell at you.
You resist with significant effort.
You closely miss Sigmund. Your headbutt misses Sigmund.
Sigmund hits you with a +0 scythe!
* * * LOW HITPOINT WARNING * * *
You closely miss Sigmund. Sigmund gestures at you while chanting.
The magic dart hits you.
You die...

########
#......#
#......#
#......####.#
#.<...@.....#
#....$@##....
#......# #
#......#
########


You could see Sigmund.

Vanquished Creatures
  A gnoll (D:1)
  2 dart slugs (D:1)
  8 ball pythons (D:1)
  2 bats (D:1)
  4 endoplasms (D:1)
  4 giant cockroaches (D:1)
  3 goblins (D:1)
  3 hobgoblins (D:1)
  3 kobolds (D:1)
  2 rats (D:1)
32 creatures vanquished.

Notes
Turn   | Place    | Note
-------+----------+-------------------------------------------
     0 | D:1      | DarkShadow the Minotaur Fighter began the quest for the
                  | Orb.
     0 | D:1      | Reached XP level 1. HP: 19/19 MP: 0/0
    93 | D:1      | Found Usut's Weapon Shoppe.
   149 | D:1      | Reached XP level 2. HP: 27/27 MP: 1/1
   577 | D:1      | Reached XP level 3. HP: 32/33 MP: 2/2
   982 | D:1      | Found a faded altar of an unknown god.
  1053 | D:2      | Noticed Sigmund
  1063 | D:2      | HP: 1/33 [Sigmund/+0 scythe (12)]
  1064 | D:2      | Killed from afar by Sigmund

Illustrated notes

Levels and vault maps discovered:
D:1:      wander_arrival_lonely_grave, layout_basic,
          shapermc_ecumenical_altar_mp_highgroup, serial_shops, shop_statue
D:2:      layout_loops_cross, serial_shops, shop, shop, shop, basic_altar,
          uniq_sigmund

Skill      XL: |  1  2  3 |
---------------+----------+-----
Fighting       | 4 |  4.2
Armour         | 4 |  4.1
Shields        | 4 |  4.1
Maces & Flails | 3 |  3.3
Dodging        | |  0.1

Action                   || total
-------------------------++-------
Melee: Flail             ||    68
       Headbutt          ||     8
  Use: Scroll            ||     3
Armor: Scale mail        ||    48
Dodge: Dodged            ||    21
Block: Kite shield       ||    46

Table legend: (Time is in decaauts)
 A = Elapsed time spent in this place.
 B = Non-inter-level travel time spent in this place.
 C = Inter-level travel time spent in this place.
 D = Time resting spent in this place.
 E = Time spent auto-exploring this place.
 F = Levels seen in this place.
 G = Mean time per level.
                   A        B        C        D        E       F      G
               +--------+--------+--------+--------+--------+-----+--------+
         Total |   1097 |   1085 |     12 |      0 |    793 |   2 |  548.5 |
       Dungeon |   1097 |   1085 |     12 |      0 |    793 |   2 |  548.5 |
               +--------+--------+--------+--------+--------+-----+--------+

Top non-repeatable levels by time:
     D:1: 1084 daAuts
     D:2: 12 daAuts
